 Dungeon Crawl Stone Soup version 0.18-a0-1562-gac8da35 (webtiles) character file.

38464 Leszczynek the Bludgeoner (level 14, -3/150 HPs)
             Began as an Ogre Arcane Marksman on Mar 13, 2016.
             Was a High Priest of Trog.
             Slain by a polar bear (11 damage)
             ... in an ice cave.
             The game lasted 01:02:20 (22774 turns).

Leszczynek the Bludgeoner (Ogre Arcane Marksman)   Turns: 22774, Time: 01:02:20

Health: -3/150     AC:  6    Str: 19    XL:     14   Next: 2%
Magic:  15/15      EV: 12    Int: 12    God:    Trog [*****.]
Gold:   1223       SH:  0    Dex: 13    Spells: 0 memorised, 15 levels left

rFire  + . .     SeeInvis +     a - +1 giant club
rCold  + . .     Gourm    .     y - +0 troll leather armour {Snorg}
rNeg   + . .     Faith    .     (shield currently unavailable)
rPois  +         Spirit   .     (helmet restricted)
rElec  +         Dismiss  .     g - +0 cloak
rCorr  +         Reflect  .     (gloves unavailable)
SustAt .         Harm     .     (boots unavailable)
MR     +....                    W - amulet of regeneration
Stlth  +.........               w - ring of positive energy
                                E - ring of see invisible

@: resistant, invisible, somewhat resistant to hostile enchantments, very
unstealthy
A: unfitting armour, tough skin 1
a: Berserk, Trog's Hand, Brothers in Arms, Burn Spellbooks, Renounce Religion


You were in an ice cave.
You worshipped Trog.
Trog was extremely pleased with you.
You were hungry.

You visited 3 branches of the dungeon, and saw 20 of its levels.
You also visited: Ice Cave.

You collected 1223 gold pieces.

Inventory:

Hand Weapons
 a - a +1 giant club (weapon)
 b - a +0 blowgun
 H - a +0 giant spiked club
Missiles
 e - 8 steel tomahawks
 o - 5 tomahawks of dispersal
 p - 8 large rocks (quivered)
 C - 2 tomahawks
 I - 8 poisoned needles
 J - 6 curare-tipped needles
Armour
 g - a +0 cloak (worn)
 y - a +0 troll leather armour (worn) {Snorg}
Jewellery
 d - an uncursed ring of sustain attributes
 w - a ring of positive energy (right hand)
 E - a ring of see invisible (left hand)
 W - an amulet of regeneration (around neck)
Wands
 c - a wand of digging (18/24)
 i - a wand of lightning (8/15)
 v - a wand of lightning (8/15)
 D - a wand of paralysis (10/24)
 G - a wand of acid (8/15)
 O - a wand of teleportation (2/9)
 P - a wand of teleportation (7/9)
 R - a wand of confusion (14/48)
 T - a wand of enslavement (8/24)
 U - a wand of acid (7/15)
 Z - a wand of acid (8/15)
Scrolls
 j - 9 scrolls of teleportation
 r - 3 scrolls of recharging
 s - 6 scrolls of remove curse
 F - 2 scrolls of fear
 L - a scroll of enchant armour
 S - a scroll of identify
Potions
 h - 5 potions of curing
 k - a potion of cancellation
 m - 3 potions of resistance
 n - a potion of invisibility
 q - a potion of haste
 t - 5 potions of agility
 u - a potion of berserk rage
 z - 3 potions of might {unknown}
 A - 2 potions of degeneration {unknown}
 B - 2 potions of heal wounds {unknown}
 M - a potion of cure mutation {unknown}
 N - a potion of flight {unknown}
 X - a potion of ambrosia {unknown}
Miscellaneous
 Q - a disc of storms
 Y - a box of beasts
Comestibles
 f - 7 bread rations
 l - 9 meat rations
 x - 12 chunks of flesh
 K - a beef jerky
 V - 6 fruits


   Skills:
 + Level 12.8 Fighting
 * Level 20.5 Maces & Flails
 + Level 10.7 Throwing
 - Level 6.7 Dodging
 - Level 1.2 Spellcasting
   Level 2.1 Hexes


You had 15 spell levels left.
You didn't know any spells.

Dungeon Overview and Level Annotations

Branches:
Dungeon (11/15)            Temple (1/1) D:5            Lair (8/8) D:10
 Shoals (0/4) Lair:6        Snake (0/4) Lair:6        Slime (0/6) Lair:8
    Orc: D:9-12

Altars:
Ashenzari
Cheibriados
Dithmenos
Elyvilon
Fedhas
Gozag
Kikubaaqudgha
Makhleb
Nemelex Xobeh
Okawaru
Pakellas
Qazlal
Ru
Sif Muna
Trog
Vehumet
Xom
Yredelemnul
Zin
The Shining One

Shops:
D:6 (?(

Annotations:
D:3 exclusion: gnoll, Sigmund
D:4 exclusion: orc priest
D:8 !Joseph roaming with quarterstaff of distortion, Duffy's ghost, novice DEFE; Joseph
Lair:3 exclusion: oklob plant


Innate Abilities, Weirdness & Mutations

You are too large for most types of armour.
You have tough skin (AC +1).


Message History

Your stone giant goes berserk!
You feel somewhat more hungry. The polar bear bites you!
* * * LOW HITPOINT WARNING * * *
The polar bear claws you.
* * * LOW HITPOINT WARNING * * *
The polar bear claws you but does no damage.
Unknown command.
Your stone giant hits the polar bear but does no damage.
The frost giant casts a spell at you.
The bolt of cold hits the polar bear.
The polar bear resists.
The bolt of cold hits you! You resist.
* * * LOW HITPOINT WARNING * * *
Unknown command.
Drink which item? (? for menu, Esc to quit)
You fade into invisibility!
Your stone giant hits the polar bear but does no damage.
The polar bear bites you but does no damage.
The polar bear barely misses you. The polar bear closely misses you.
The polar bear bites you!
You die...

###....#######
###...#....#### ###
###....##†..##
##h###### #########..#
# ###.#.#...##
###...## ##
#.h###h.h⌠.# ##....##
#.
###..###†#.#####....##
###
#h.h##..#####.hC..###
##..
#h.h###..####C.h@.##
#..#


.hCY ##...#....### #.#. #... ###.Y.#### #### ###. ##### $. }# You could see a
frost giant, 2 polar bears, a yak and a friendly stone giant (berserk).

Vanquished Creatures
  Snorg (Lair:5)
  4 hydras
  A death yak (Lair:7)
  The ghost of Duffy the Chiller, a novice NaIE of Kikubaaqudgha (D:7)
  3 griffons
  An ugly thing (D:10)
  An ice statue (IceCv)
  A black mamba (Lair:2)
  A gargoyle (D:10)
  A torpor snail (Lair:6)
  10 spiny frogs
  A molten gargoyle (Lair:6)
  2 rime drakes
  4 komodo dragons
  A troll (D:9)
  12 polar bears (IceCv)
  A two-headed ogre (D:8)
  8 blink frogs
  A snapping turtle (Lair:6)
  A fire elemental (Lair:6)
  A wraith (D:10)
  34 yaks
  A basilisk (Lair:7)
  2 humans (D:7)
  7 hippogriffs
  4 nagas (Lair:6)
  9 water moccasins
  7 porcupines
  11 ice beasts
  3 sky beasts
  2 swamp drakes (Lair:1)
  4 phantoms
  A wasp (D:9)
  7 ogres
  2 black bears
  15 wolves (IceCv)
  5 centaurs
  15 crocodiles
  3 big kobolds
  24 giant frogs
  A gnoll sergeant (D:9)
  A wyvern zombie (D:9)
  A water moccasin zombie (D:10)
  3 scorpions
  13 killer bees
  A water moccasin skeleton (D:9)
  10 wights
  An electric eel (Lair:6)
  5 howler monkeys
  3 crimson imps
  A centaur zombie (D:5)
  A giant frog zombie (D:9)
  A lava snake (Lair:6)
  5 hounds
  A quasit (D:5)
  8 jellies
  12 orc priests
  A giant frog skeleton (D:8)
  A centaur skeleton (D:6)
  5 iguanas
  5 orc wizards
  4 worker ants
  12 sheep
  A killer bee zombie (D:8)
  2 hound skeletons
  A worker ant zombie (D:8)
  17 gnolls
  8 adders
  70 river rats
  6 shadow imps
  12 oozes
  An adder skeleton (D:5)
  6 worms
  A dart slug (D:2)
  5 giant geckos
  25 orcs
  12 giant cockroaches
  5 goblins
  5 hobgoblins
  30 jackals
  10 quokkas
  A ball python zombie (D:5)
  10 bats
  A giant gecko skeleton (D:5)
  7 giant newts
  21 kobolds
  2 quokka skeletons
  7 rats
  A plant (Lair:1)
576 creatures vanquished.

Vanquished Creatures (collateral kills)
  4 death yaks (Lair:7)
  2 polar bears (IceCv)
  2 yaks (IceCv)
  A porcupine (Lair:7)
  A killer bee (D:10)
10 creatures vanquished.

Vanquished Creatures (others)
  A human (D:2)
  10 fungi
  A plant (Lair:7)
12 creatures vanquished.

Grand Total: 598 creatures vanquished

Notes
Turn   | Place    | Note
--------------------------------------------------------------
     0 | D:1      | Leszczynek the Ogre Arcane Marksman began the quest for the Orb.
     0 | D:1      | Reached XP level 1. HP: 19/19 MP: 2/2
   184 | D:1      | Reached skill level 1 in Maces & Flails
   302 | D:1      | Reached XP level 2. HP: 22/27 MP: 3/3
   564 | D:1      | Reached skill level 2 in Maces & Flails
  1015 | D:1      | Reached XP level 3. HP: 33/33 MP: 4/4
  1048 | D:2      | Found an ancient bone altar of Kikubaaqudgha.
  1345 | D:2      | Reached skill level 3 in Maces & Flails
  1647 | D:2      | Noticed a human
  1649 | D:2      | Killed a human
  1860 | D:2      | Reached XP level 4. HP: 31/41 MP: 5/5
  2260 | D:3      | Reached skill level 4 in Maces & Flails
  2683 | D:3      | Noticed Sigmund
  3009 | D:3      | Reached skill level 5 in Maces & Flails
  3009 | D:3      | Reached XP level 5. HP: 42/48 MP: 6/6
  3426 | D:3      | Reached skill level 6 in Maces & Flails
  3945 | D:4      | Reached XP level 6. HP: 40/55 MP: 7/7
  4026 | D:4      | Reached skill level 7 in Maces & Flails
  5023 | D:4      | Reached skill level 8 in Maces & Flails
  5148 | D:4      | Reached skill level 9 in Maces & Flails
  5148 | D:4      | Reached XP level 7. HP: 36/62 MP: 8/8
  5733 | D:5      | Entered Level 5 of the Dungeon
  5823 | D:5      | Found a staircase to the Ecumenical Temple.
  5830 | Temple   | Entered the Ecumenical Temple
  5879 | Temple   | Became a worshipper of Trog the Wrathful
  6079 | D:5      | Reached skill level 10 in Maces & Flails
  6252 | D:5      | Reached XP level 8. HP: 54/70 MP: 9/9
  6356 | D:5      | Reached skill level 11 in Maces & Flails
  6702 | D:5      | Found a glowing golden altar of the Shining One.
  7298 | D:6      | Reached skill level 12 in Maces & Flails
  7388 | D:6      | Found Ismeol's Magic Scroll Shoppe.
  7430 | D:5      | Reached * piety under Trog
  7916 | D:6      | Found Loyroledgh's Antique Weapon Boutique.
  8000 | D:6      | Found Zuuvuis's Antique Weapon Emporium.
  8386 | D:7      | Reached skill level 13 in Maces & Flails
  8663 | D:7      | Reached XP level 9. HP: 68/76 MP: 10/10
  9086 | D:7      | Reached skill level 14 in Maces & Flails
  9184 | D:7      | Found a shimmering altar of Xom.
  9185 | D:7      | Found a shattered altar of Ashenzari.
  9185 | D:7      | Found a snail-covered altar of Cheibriados.
  9185 | D:7      | Found a shadowy altar of Dithmenos.
  9198 | D:7      | HP: 7/76 [centaur (6)]
  9458 | D:7      | Found a deep blue altar of Sif Muna.
  9462 | D:7      | Found an oddly glowing altar of Pakellas.
  9520 | D:7      | Noticed Duffy's ghost (novice NaIE)
  9590 | D:7      | Killed Duffy's ghost
  9590 | D:7      | Reached skill level 15 in Maces & Flails
  9630 | D:7      | Found an iron altar of Okawaru.
  9828 | D:7      | Reached ** piety under Trog
 10323 | D:8      | Reached XP level 10. HP: 88/91 MP: 11/11
 10654 | D:8      | Reached skill level 16 in Maces & Flails
 11467 | D:8      | Noticed Duffy's ghost (novice DEFE)
 11649 | D:8      | Noticed Joseph
 11650 | D:8      | joseph with quarterstaff of distortion
 11650 | D:8      | jesus
 11816 | D:9      | Reached skill level 5 in Fighting
 11921 | D:9      | Reached *** piety under Trog
 12030 | D:9      | Paralysed by a wasp for 3 turns
 12045 | D:9      | Reached skill level 5 in Throwing
 12676 | D:9      | Found a stormy altar of Qazlal.
 13067 | D:9      | Found a basalt altar of Yredelemnul.
 13258 | D:9      | Reached skill level 17 in Maces & Flails
 13668 | D:9      | Reached **** piety under Trog
 13776 | D:10     | Entered Level 10 of the Dungeon
 13834 | D:9      | Found a glowing silver altar of Zin.
 13838 | D:9      | Found a sacrificial altar of Ru.
 13890 | D:9      | Reached XP level 11. HP: 102/107 MP: 12/12
 14322 | D:10     | HP: 22/244 [killer bee (5)]
 14328 | D:10     | HP: 21/244 [poisoned by a killer bee]
 14334 | D:10     | HP: 20/244 [poisoned by a killer bee]
 14341 | D:10     | HP: 13/163 [poisoned by a killer bee]
 14346 | D:10     | HP: 8/109 [poisoned by a killer bee]
 14579 | D:10     | scrolls of identify? what is that? haven't seen that much
 14672 | D:10     | Received a gift from Trog
 14839 | D:10     | Found a staircase to the Lair.
 14871 | D:11     | Noticed a brown ugly thing
 14878 | D:10     | Killed a brown ugly thing
 14912 | Lair:1   | Entered Level 1 of the Lair of Beasts
 15201 | Lair:1   | Reached skill level 18 in Maces & Flails
 15439 | Lair:1   | Received a gift from Trog
 16846 | Lair:2   | HP: 11/115 [poisoned by a black mamba]
 16851 | Lair:2   | HP: 6/115 [poisoned by a black mamba]
 16856 | Lair:2   | HP: 3/115 [poisoned by a black mamba]
 16861 | Lair:2   | HP: 2/115 [poisoned by a black mamba]
 16866 | Lair:2   | HP: 2/115 [poisoned by a black mamba]
 16873 | Lair:2   | HP: 4/115 [poisoned by a black mamba]
 16880 | Lair:2   | HP: 7/115 [poisoned by a black mamba]
 16888 | Lair:2   | HP: 10/115 [poisoned by a black mamba]
 17066 | Lair:2   | Reached ***** piety under Trog
 17346 | Lair:3   | Noticed a four-headed hydra
 17788 | Lair:3   | Reached XP level 12. HP: 101/123 MP: 13/13
 17790 | Lair:3   | Reached skill level 5 in Dodging
 17821 | Lair:3   | Killed a four-headed hydra
 18005 | Lair:3   | Received a gift from Trog
 18044 | Lair:3   | Noticed a seven-headed hydra
 18063 | Lair:3   | Killed a seven-headed hydra
 18351 | Lair:3   | Reached skill level 10 in Fighting
 19573 | Lair:5   | Noticed Snorg
 19586 | Lair:5   | Killed Snorg
 20061 | Lair:5   | Noticed an eight-headed hydra
 20068 | Lair:5   | Killed an eight-headed hydra
 20224 | Lair:6   | Found a shimmering altar of Xom.
 20269 | Lair:6   | Found a staircase to the Snake Pit.
 20284 | Lair:6   | Reached XP level 13. HP: 137/137 MP: 14/14
 20361 | Lair:6   | Reached skill level 19 in Maces & Flails
 20545 | Lair:6   | son of a bitch doesn't move from deep water
 20579 | Lair:6   | Found a staircase to the Shoals.
 21483 | Lair:7   | Reached skill level 10 in Throwing
 21640 | Lair:8   | Entered Level 8 of the Lair of Beasts
 21640 | Lair:8   | Found a frozen archway.
 21666 | Lair:8   | HP: 11/140 [ice beast (6)]
 21835 | Lair:8   | Reached ****** piety under Trog
 21835 | Lair:8   | Received a gift from Trog
 21847 | IceCv    | Entered an ice cave
 21919 | IceCv    | Reached skill level 20 in Maces & Flails
 22579 | IceCv    | Reached XP level 14. HP: 68/150 MP: 15/15
 22743 | IceCv    | Noticed a frost giant
 22773 | IceCv    | HP: 7/150 [frost giant/bolt of cold (25)]
 22774 | IceCv    | Slain by a polar bear

Vault maps used:
D:1:      dpeg_arrival_rooms_b, serial_park_tiny_2, dk_noncrumbling_4
D:2:      tgw_kikubaaqudgha
D:3:      serial_park_tiny_2, uniq_sigmund
D:4:      first_bread, nicolae_ossuary_entry_plus
D:5:      nicolae_tso_carved_into_rock, minmay_temple_entry_trees
D:6:      serial_shops, kennysheep_mini, shop, nicolae_shop_behind_doors,
          patterned_corridor
D:7:      minmay_overflow_temple_hex, okawaru_humans
D:8:      uniq_joseph
D:9:      nicolae_overflow_hidden_temple
D:10:     lair_0_dummy
D:11:     david_orc_1_choice, hangedman_fish_farm, minmay_misc_feat_tiny,
          grunt_ministairs_1
Temple:   cyrus_temple_forest_13
Lair:1:   pond
Lair:2:   grunt_megastairs_4
Lair:3:   lemuel_slime, hibernation_bobbens, lemuel_fruit_tree
Lair:5:   uniq_snorg
Lair:6:   minmay_shoals_entry_hut, minmay_snake_entry_guardpost_small,
          basic_altar, lookout_lair_type
Lair:8:   due_jungle_book, minmay_slime_entry_oklob_open,
          portal_ice_cave_entry_ice_beasts, nicolae_volcano_entry_two_sided,
          st_stairs_3, serial_bayou_ford_a
IceCv:    ice_cave_caverns_01

Skill      XL: |  1  2  3  4  5  6  7  8  9 10 11 12 13 |
---------------+----------------------------------------+-----
Maces & Flails | 1 2 3 5 6 9 10 13 15 17 18 20 | 20.5
Throwing       | 3 6 7 9 10 | 10.7
Fighting       | 3 6 9 11 12 | 12.8
Dodging        | 4 6 |  6.7
Spellcasting   | |  1.2
Hexes          | |  2.1

Action                   |  1- 3 |  4- 6 |  7- 9 | 10-12 | 13-15 || total
-------------------------+-------+-------+-------+-------+-------++-------
Melee: Unarmed           |    10 |       |       |       |       ||    10
       Dagger            |   131 |    67 |       |       |       ||   198
       Flail             |       |   144 |       |       |       ||   144
       Giant club        |       |       |   346 |   910 |   430 ||  1686
Throw: Stone             |    29 |     9 |       |       |       ||    38
       Large rock        |     5 |    16 |     5 |    26 |    10 ||    62
       Tomahawk          |     7 |    11 |     4 |     2 |     4 ||    28
       Throwing net      |       |     2 |       |       |       ||     2
 Cast: Corona            |     1 |       |       |       |       ||     1
Invok: Berserk           |       |       |     6 |    16 |     2 ||    24
       Trog's Hand       |       |       |       |     1 |       ||     1
       Brothers in Arms  |       |       |       |     1 |     4 ||     5
Evoke: Wand              |       |       |       |     1 |       ||     1
  Use: Scroll            |       |     8 |     6 |     6 |     6 ||    26
       Potion            |       |     1 |     4 |     7 |     2 ||    14
 Stab: Sleeping          |       |     2 |     1 |       |       ||     3
       Held in net/web   |       |     1 |       |       |       ||     1
  Eat: Chunk             |     3 |     9 |    17 |    39 |    10 ||    78
       Beef jerky        |       |     1 |     1 |     4 |       ||     6
       Bread ration      |       |       |     1 |     1 |       ||     2
